 Dungeon Crawl Stone Soup version 0.28-a0-1510-gd0f6b136d3 (webtiles) character file.

Game seed: 11536489127520912277

15407 cheechan the Basher (level 12, -6/78 (82) HPs)
             Began as a Demonspawn Chaos Knight on Jan 15, 2022.
             Was the Champion of Okawaru.
             Killed from afar by an orc sorcerer (8 damage)
             ... with a bolt of negative energy
             ... on level 2 of the Orcish Mines.
             The game lasted 01:12:54 (12064 turns).

cheechan the Basher (Demonspawn Chaos Knight)      Turns: 12064, Time: 01:12:54

HP:   -6/78 (82)    AC: 11    Str: 15      XL:     12   Next: 1%
MP:   3/5           EV: 20    Int: 21      God:    Okawaru [******]
Gold: 959           SH:  5    Dex: 11 (12) Spells: 11/13 levels left

rFire   . . .      SeeInvis .   n - +10 mace "Xenot" {speed, rPois rN+ rCorr}
rCold   . . .      Faith    .   (no shield)
rNeg    + . .      Spirit   .   t - +2 steam dragon scales
rPois   +          Reflect  +   B - +2 hat of Mesozerad {rElec MP-9 Int+8}
rElec   +          Harm     .   m - +2 cloak {Stlth+}
rCorr   +          Rampage  .   (gloves unavailable)
Will    .....                   (boots unavailable)
Stlth   +++++.....              s - amulet of reflection
HPRegen 1.03/turn               c - +4 ring of evasion
MPRegen 0.09/turn               (no ring)

@: heroic, lightly drained, unable to read
A: antennae 1, claws 3, hooves 3, ignite blood 2, deformed body, dopey 1, frail
1, regeneration 1, screaming 1, weak 1, subdued magic 2, inability to read while
threatened
a: Renounce Religion, Heroism, Finesse, Duel


You were on level 2 of the Orcish Mines.
You worshipped Okawaru.
Okawaru was exalted by your worship.
You visited 2 branches of the dungeon, and saw 13 of its levels.
You also visited: Ossuary.

You collected 1349 gold pieces.
You spent 390 gold pieces at shops.

Inventory:

Hand Weapons
 a - a +1 hand axe of chaos
 l - a +4 quarterstaff of chaos
 n - the +10 mace "Xenot" (weapon) {speed, rPois rN+ rCorr}
   (You found it on level 3 of the Dungeon)

   Attacks with this weapon are significantly faster.
   rPois:     It protects you from poison.
   rN:        It protects you from negative energy.
   rCorr:     It protects you from acid and corrosion.
Missiles
 f - 246 arrows
 g - 52 bolts
 h - 5 curare-tipped darts
 i - 2 boomerangs (quivered)
 u - 19 poisoned darts
Armour
 m - a +2 cloak of stealth (worn)
 t - +2 steam dragon scales (worn)
 w - a +2 ring mail of willpower
 B - the +2 hat of Mesozerad (worn) {rElec MP-9 Int+8}
   (Okawaru gifted it to you on level 9 of the Dungeon)

   Int:       It affects your intelligence (+8).
   rElec:     It insulates you from electricity.
   MP:        It affects your magic capacity (-9).
 C - a +2 ring mail of fire resistance
Jewellery
 c - a +4 ring of evasion (left claw)
 s - an amulet of reflection (around neck)
Wands
 k - a wand of polymorph (7)
Scrolls
 d - 9 scrolls of teleportation
 p - a scroll of enchant weapon
 q - a scroll of fog
 D - a scroll of blinking
Potions
 e - a potion of resistance
 j - 5 potions of flight
 o - 3 potions of magic
 r - 4 potions of brilliance
 v - 3 potions of lignification {unknown}
 z - a potion of ambrosia {unknown}
 A - a potion of heal wounds {unknown}
Miscellaneous
 b - a lightning rod (inert)
 E - a box of beasts


   Skills:
 + Level 7.7(12.7) Fighting
 + Level 5.4(13.5) Axes
 + Level 10.1(15.7) Maces & Flails
 + Level 5.4(10.4) Throwing
 + Level 3.7(8.7) Armour
 + Level 7.1(12.1) Dodging
 + Level 5.2(10.2) Stealth
 + Level 3.2(8.2) Shields
 + Level 1.4 Spellcasting
 + Level 1.1 Transmutations
 + Level 1.3 Earth Magic
 + Level 1.1 Invocations
 + Level 4.7 Evocations


You had 11 spell levels left.
You knew the following spells:

 Your Spells              Type           Power      Damage    Failure   Level
a - Passwall              Tmut/Erth      3%         N/A       10%         2

Your spell library contained the following spells:

 Spells                   Type           Power      Damage    Failure   Level
 Sandblast                Erth           8%         2d5       6%          1
 Magic Dart               Conj           0%         1d3       11%         1
 Stone Arrow              Conj/Erth      4%         3d7       26%         3
 Mephitic Cloud           Conj/Pois/Air  0%         N/A       34%         3
 Call Imp                 Summ           Unusable   N/A       N/A         2

Dungeon Overview and Level Annotations

Branches:
Dungeon (11/15)            Temple (0/1) D:6            Lair (0/6) D:9
    Orc (2/2) D:11        Ossuary (visited)
    Elf: Orc:2

Altars:
Elyvilon
Fedhas
Kikubaaqudgha
Nemelex Xobeh
Okawaru
Qazlal
Ru
Vehumet
Xom
The Shining One

Shops:
D:9 *

Annotations:
D:6 1 runed translucent door, enile's ghost, novice MiMo
D:11 1 runed translucent door


Innate Abilities, Weirdness & Mutations

You have a pair of small antennae on your head.
You have claws for hands.
You have hooves in place of feet.
Your demonic aura often causes spilled blood to erupt in flames.
Armour fits poorly on your strangely shaped body.
You are dopey. (Int -2)
You are frail. (-10% HP)
Your natural rate of healing is unusually fast.
You occasionally shout uncontrollably at your foes.
You are weak. (Str -2)
Your spells are easier to cast, but less powerful.
You sometimes lose the ability to read scrolls when taking damage.


Message History

You hear a shout! x4
The orc barely misses you. The orc misses you.
You sock the orc!
You kill the orc!
Okawaru accepts your kill. The orc sorcerer casts a spell at you.
You suddenly lose the ability to move!
The orc sorcerer hits you but does no damage.
The ogre hits you with a +0 giant spiked club!
The orc sorcerer casts a spell at you. The bolt of negative energy hits you.
You partially resist.
You feel drained.
You feel threatened and lose the ability to read scrolls!
You can move again.
You bludgeon the ogre!!
The ogre is severely wounded.
The orc sorcerer points at you and mumbles some strange words.
The bolt of fire hits you!!!
Ouch! That really hurt!
* * * LOW HITPOINT WARNING * * *
The ogre hits you with a +0 giant spiked club!
* * * LOW HITPOINT WARNING * * *
You cannot read scrolls in your current state!
Okay, then.
You cannot read scrolls in your current state!
Press: ? - help, v - describe, . - travel
Here: an ogre, wielding a +0 giant spiked club (severely wounded)
The floor, spattered with blood.
You closely miss the orc sorcerer. Your kick misses the orc sorcerer.
The orc sorcerer hits you with a +0 dagger.
* * * LOW HITPOINT WARNING * * *
Okay, then.
Annotate which branch? (. - Orc:2, ? - help, ! - show branch list)
Okay, then.
You gain the combat prowess of a mighty hero.
The ogre completely misses you. The orc sorcerer casts a spell at you.
The bolt of negative energy hits you! You partially resist.
You feel drained.
You die...
Xom titters!

((............................#.#
).#$.........................<...
...........................#....#
..............#...........#....##
........... #...).....##.###
.......... ##...)......###
......... #..°.#......## ###.....
##....#..#...# #@##.######.##
......o.O☼...# ###
..............# ......#...#..##
......#.#.#### ........... .....
..#.## ..... ...##


You could see an orc sorcerer and an ogre.

Vanquished Creatures
  Gastronok (D:9)
  A centaur warrior (D:10)
  2 two-headed ogres
  Pikel (D:7)
  2 deep elf pyromancers (Orc:1)
  An orc knight (Orc:1)
  2 manticores (D:11)
  Joseph (D:7)
  3 trolls
  A vampire (D:10)
  Sigmund (D:3)
  3 wyverns
  A wraith (D:10)
  2 shadows
  2 yaks (D:10)
  3 steam dragons
  2 wargs
  Duvessa (D:7)
  A water moccasin (D:6)
  14 orc warriors
  A swamp drake (Orc:1)
  2 ice beasts
  3 sky beasts
  A necrophage (D:5)
  A hornet zombie (D:6)
  5 ogres
  5 centaurs
  3 wolves (D:9)
  3 lemures (D:7)
  2 kobold brigands (D:9)
  A bullfrog (D:8)
  An elf zombie (Ossuary)
  A scorpion (D:4)
  A gnoll sergeant (Orc:1)
  A water moccasin zombie (D:6)
  15 killer bees
  Dowan (D:7)
  5 wights (D:10)
  4 howler monkeys
  2 electric eels (D:9)
  5 centaur zombies
  A crimson imp (Orc:1)
  A bullfrog skeleton (D:7)
  A centaur skeleton (D:4)
  An iron imp (Orc:1)
  Crazy Yiuf (D:3)
  6 hounds
  2 jellies
  A human zombie (Ossuary)
  A bullfrog zombie (D:6)
  5 orc priests
  2 gnoll shamans (D:6)
  16 orc wizards
  Natasha (thrice) (D:3)
  3 iguanas
  2 killer bee zombies (D:8)
  A hound zombie (D:5)
  2 hound skeletons (D:4)
  2 mummies (Ossuary)
  A howler monkey zombie (D:5)
  11 gnolls
  5 adders
  3 shadow imps
  3 white imps
  An ufetubus (D:4)
  An adder zombie (Ossuary)
  2 adder skeletons (D:4)
  A dart slug (D:1)
  62 orcs
  3 ball pythons
  3 endoplasms
  7 giant cockroaches
  6 goblins
  5 hobgoblins
  5 jackals
  6 bats (D:2)
  A frilled lizard (D:2)
  A goblin zombie (Ossuary)
  9 hobgoblin zombies (Ossuary)
  2 jackal zombies (Ossuary)
  18 kobolds
  14 kobold zombies (Ossuary)
  5 orc zombies (Ossuary)
  7 rats
  A rat zombie (Ossuary)
342 creatures vanquished.

Vanquished Creatures (others)
  2 kobolds (D:9)
  6 plants (D:1)
8 creatures vanquished.

Grand Total: 350 creatures vanquished

Notes
Turn   | Place    | Note
-------+----------+-------------------------------------------
     0 | D:1      | cheechan the Demonspawn Chaos Knight began the quest for
                  | the Orb.
     0 | D:1      | Reached XP level 1. HP: 18/18 MP: 1/1
    34 | D:1      | XOM: divination: detect creatures
    36 | D:1      | Reached skill level 1 in Dodging
   490 | D:1      | XOM: butterfly on damage
   500 | D:1      | Discovered your monstrous ancestry.
   500 | D:1      | Gained mutation: You have sharp fingernails. [demonic
                  | ancestry]
   500 | D:1      | Reached XP level 2. HP: 16/24 MP: 2/2
   520 | D:1      | Gained mutation: You are frail. (-10% HP) [potion of
                  | mutation]
   520 | D:1      | Gained mutation: You are clumsy. (Dex -2) [potion of
                  | mutation]
   520 | D:1      | Lost mutation: You are clumsy. (Dex -2) [potion of
                  | mutation]
   925 | D:2      | XOM: cloud trail
  1168 | D:2      | XOM: silly message
  1271 | D:2      | XOM: silly message
  1400 | D:2      | Gained mutation: You have large cloven feet. [demonic
                  | ancestry]
  1400 | D:2      | Reached XP level 3. HP: 26/26 MP: 3/3
  1434 | D:2      | XOM: silly message
  1473 | D:2      | XOM: divination: magic mapping
  1601 | D:2      | Found a faded altar of an unknown god.
  1681 | D:2      | Prayed at the altar of an unknown god.
  1681 | D:2      | Fell from the grace of Xom
  1681 | D:2      | Became a worshipper of Warmaster Okawaru
  1681 | D:2      | Reached * piety under Okawaru
  1699 | D:3      | Noticed Sigmund
  1707 | D:3      | Killed Sigmund
  1707 | D:3      | Reached ** piety under Okawaru
  1708 | D:3      | Reached XP level 4. HP: 16/33 MP: 4/4
  1708 | D:3      | Gained mutation: You have hoof-like feet. [demonic
                  | ancestry]
  1708 | D:3      | Reached XP level 5. HP: 18/37 MP: 5/5
  2134 | D:3      | XOM: give mutations
  2134 | D:3      | Gained mutation: You tend to lose your temper in combat.
                  | [Xom's mischief]
  2134 | D:3      | Lost mutation: You are frail. (-10% HP) [Xom's mischief]
  2134 | D:3      | Gained mutation: You are weak. (Str -2) [Xom's mischief]
  2134 | D:3      | Gained mutation: You sometimes lose the ability to read
                  | scrolls when taking damage. [Xom's mischief]
  2316 | D:3      | Found a runed translucent door.
  2317 | D:3      | Noticed Crazy Yiuf
  2330 | D:3      | Killed Crazy Yiuf
  2336 | D:3      | Identified the +10 mace "Xenot" {speed, rPois rN+ rCorr}
  2471 | D:3      | Noticed Natasha
  2479 | D:3      | Killed Natasha
  2480 | D:3      | Gained mutation: Your demonic aura sometimes causes spilled
                  | blood to erupt in flames. [demonic ancestry]
  2480 | D:3      | Reached XP level 6. HP: 45/48 MP: 6/6
  2514 | D:3      | Noticed Natasha
  2519 | D:3      | Killed Natasha
  2566 | D:3      | Noticed Natasha
  2577 | D:3      | Killed Natasha
  2887 | D:4      | Reached skill level 5 in Axes
  2930 | D:4      | Found a sparkling altar of Nemelex Xobeh.
  3016 | D:4      | Reached skill level 1 in Maces & Flails
  3235 | D:4      | XOM: give mutations
  3235 | D:4      | Gained mutation: You occasionally shout uncontrollably at
                  | your foes. [Xom's mischief]
  3235 | D:4      | Gained mutation: You are frail. (-10% HP) [Xom's mischief]
  3235 | D:4      | Gained mutation: Armour fits poorly on your strangely
                  | shaped body. [Xom's mischief]
  3413 | D:4      | Gained mutation: You have a pair of small antennae on your
                  | head. [demonic ancestry]
  3413 | D:4      | Reached XP level 7. HP: 48/48 MP: 7/7
  3433 | D:4      | Reached skill level 2 in Maces & Flails
  3433 | D:4      | Reached skill level 1 in Stealth
  3817 | D:5      | Entered Level 5 of the Dungeon
  3823 | D:5      | Reached *** piety under Okawaru
  3922 | D:5      | Reached skill level 3 in Maces & Flails
  4267 | D:5      | Reached skill level 4 in Maces & Flails
  4267 | D:5      | Gained mutation: You have hooves in place of feet. [demonic
                  | ancestry]
  4267 | D:5      | Reached XP level 8. HP: 54/54 MP: 8/8
  4349 | D:5      | Found an iron altar of Okawaru.
  4349 | D:5      | Found an ancient bone altar of Kikubaaqudgha.
  4350 | D:5      | Found a radiant altar of Vehumet.
  4351 | D:5      | Found a blossoming altar of Fedhas.
  4354 | D:5      | Found a stormy altar of Qazlal.
  4680 | D:5      | Reached **** piety under Okawaru
  4919 | D:5      | XOM: silly message
  4960 | D:6      | Reached skill level 5 in Maces & Flails
  5080 | D:6      | Noticed enile's ghost (novice MiMo)
  5116 | D:6      | Reached skill level 5 in Fighting
  5192 | D:6      | XOM: divination: detect items
  5221 | D:6      | Found a staircase to the Ecumenical Temple.
  5379 | D:6      | Received a gift from Okawaru
  5380 | D:6      | Reached skill level 6 in Maces & Flails
  5380 | D:6      | Gained mutation: Your demonic aura often causes spilled
                  | blood to erupt in flames. [demonic ancestry]
  5380 | D:6      | Reached XP level 9. HP: 43/61 MP: 9/9
  5482 | D:6      | Reached skill level 1 in Evocations
  5501 | D:6      | Found a runed translucent door.
  5950 | D:7      | Noticed Duvessa
  5950 | D:7      | Noticed Dowan
  5959 | D:7      | Killed Duvessa
  5967 | D:7      | Killed Dowan
  6118 | D:7      | Noticed Joseph
  6132 | D:7      | Killed Joseph
  6132 | D:7      | Reached ***** piety under Okawaru
  6133 | D:7      | Reached skill level 7 in Maces & Flails
  6133 | D:7      | Reached skill level 5 in Dodging
  6662 | D:7      | Reached skill level 1 in Throwing
  6876 | D:7      | Learned a level 2 spell: Passwall
  6878 | D:7      | Learned a level 1 spell: Sandblast
  6966 | D:7      | Noticed Pikel
  6982 | D:7      | Killed Pikel
  6982 | D:7      | Received a gift from Okawaru
  6994 | D:7      | XOM: give mutations
  6994 | D:7      | Lost mutation: You tend to lose your temper in combat.
                  | [Xom's mischief]
  6994 | D:7      | Gained mutation: You are dopey. (Int -2) [Xom's mischief]
  7126 | D:8      | Gained mutation: You have very sharp fingernails. [demonic
                  | ancestry]
  7126 | D:8      | Reached XP level 10. HP: 68/68 MP: 10/10
  7400 | D:8      | Found a sand-covered staircase.
  7408 | Ossuary  | Entered an ossuary
  8073 | D:8      | Reached skill level 8 in Maces & Flails
  8075 | D:8      | Reached skill level 1 in Shields
  8220 | D:9      | Found a shimmering altar of Xom.
  8262 | D:9      | Found Qaomisis's Elemental Accessories.
  8271 | D:9      | Bought a lightning rod (4/4) for 390 gold pieces
  8466 | D:9      | Noticed Gastronok
  8486 | D:9      | Killed Gastronok
  8486 | D:9      | Identified the +2 hat of Mesozerad {rElec MP-9 Int+8}
                  | (Okawaru gifted it to you on level 9 of the Dungeon)
  8486 | D:9      | Received a gift from Okawaru
  8656 | D:9      | XOM: give mutations
  8656 | D:9      | Gained mutation: Your natural rate of healing is unusually
                  | fast. [Xom's grace]
  8656 | D:9      | Lost mutation: You are dopey. (Int -2) [Xom's grace]
  8656 | D:9      | Gained mutation: Your flesh is heat resistant. (rF+) [Xom's
                  | grace]
  8838 | D:9      | Found a sacrificial altar of Ru.
  8888 | D:9      | Found a staircase to the Lair.
  8892 | D:9      | Noticed a two-headed ogre
  8899 | D:9      | Reached skill level 1 in Transmutations
  8905 | D:10     | Entered Level 10 of the Dungeon
  9010 | D:10     | XOM: give mutations
  9010 | D:10     | Lost mutation: Your flesh is heat resistant. (rF+) [Xom's
                  | mischief]
  9010 | D:10     | Gained mutation: Your spells are a little easier to cast,
                  | but a little less powerful. [Xom's mischief]
  9234 | D:10     | Noticed a two-headed ogre
  9290 | D:9      | Reached skill level 1 in Spellcasting
  9305 | D:9      | Reached skill level 9 in Maces & Flails
  9947 | D:9      | XOM: noise
 10047 | D:10     | Gained mutation: You have claws for hands. [demonic
                  | ancestry]
 10047 | D:10     | Reached XP level 11. HP: 71/74 MP: 3/12
 10051 | D:10     | Killed a two-headed ogre
 10259 | D:10     | Noticed a centaur warrior
 10272 | D:10     | Killed a centaur warrior
 10420 | D:10     | XOM: give mutation
 10420 | D:10     | Gained mutation: Your spells are easier to cast, but less
                  | powerful. [Xom's mischief]
 10589 | D:11     | Noticed a sixfirhy
 10590 | D:11     | Found a runed translucent door.
 10974 | D:11     | Reached skill level 1 in Earth Magic
 11071 | D:11     | Noticed a two-headed ogre
 11082 | D:11     | Killed a two-headed ogre
 11082 | D:11     | Received a gift from Okawaru
 11083 | D:11     | Reached skill level 5 in Throwing
 11129 | D:11     | Found a staircase to the Orcish Mines.
 11134 | D:11     | XOM: stat loss: -3 Int (20/23)
 11150 | Orc:1    | Entered Level 1 of the Orcish Mines
 11171 | Orc:1    | XOM: 1-stop teleportation journey
 11205 | Orc:1    | You fall into a shaft and drop 1 floor!
 11205 | Orc:2    | Entered Level 2 of the Orcish Mines
 11405 | Orc:1    | Noticed an orc knight
 11431 | Orc:1    | Killed an orc knight
 11462 | Orc:1    | Reached skill level 5 in Stealth
 11485 | Orc:1    | XOM: 2-stop teleportation journey
 11612 | Orc:1    | XOM: stat loss: -2 Dex (10/12)
 11647 | Orc:1    | Noticed a deep elf pyromancer
 11648 | Orc:1    | Noticed a deep elf pyromancer
 11653 | Orc:1    | Killed a deep elf pyromancer
 11654 | Orc:1    | Reached skill level 10 in Maces & Flails
 11659 | Orc:1    | Killed a deep elf pyromancer
 11659 | Orc:1    | Reached ****** piety under Okawaru
 11677 | Orc:1    | Identified the +0 hat of Cetaod {rF+}
 11806 | Orc:2    | Received a gift from Okawaru
 11807 | Orc:2    | Reached skill level 1 in Invocations
 11848 | Orc:2    | Noticed an orc high priest
 11861 | Orc:2    | Noticed an orc sorcerer
 11892 | Orc:2    | Noticed a soul eater
 11968 | Orc:1    | XOM: give mutation
 11968 | Orc:1    | Gained mutation: You are dopey. (Int -2) [Xom's mischief]
 12018 | Orc:2    | Reached XP level 12. HP: 80/82 MP: 5/14
 12059 | Orc:2    | Paralysed by an orc sorcerer for 3 turns
 12062 | Orc:2    | HP: 3/80 [ogre (16)]
 12063 | Orc:2    | HP: 1/80 [orc sorcerer (3)]
 12064 | Orc:2    | Killed from afar by an orc sorcerer

Illustrated notes

Levels and vault maps discovered:
D:1:      dpeg_arrival_tiny_d, layout_loops_ring, nrook_mini_vaults,
          serial_bayou_lagoon_a, serial_bayou_lagoon_b
D:2:      layout_basic, basic_ecumenical_altar
D:3:      layout_basic, elyvilon_altar_1, minmay_ruptured, uniq_natasha,
          uniq_sigmund, uniq_crazy_yiuf_cottage
D:4:      layout_gridville, amcnicky_altar_gilded, serial_glass,
          glass_columns_c, glass_columns_c, glass_columns_b, glass_columns_c,
          item_on_display_a, item_on_display_a, hangedman_minor_gate_pass
D:5:      layout_basic, minitemple, minivault_26
D:6:      layout_loops_ring, temple_green, hellmonk_ghost_happy_afterlife,
          hex_tiny, minmay_misc_feat_cross
D:7:      layout_cave_pods, serial_park, serial_park_avenue1,
          serial_park_square3 [serial_park_minivault_5x5_8],
          serial_park_square2, uniq_pikel, uniq_duvessa, uniq_joseph
D:8:      layout_rooms, enter_ossuary_5
D:9:      layout_grid_maze, lemuel_tele_altar,
          nicolae_ru_great_annihilating_truth, erik_lair_island,
          nicolae_elemental_shop, uniq_gastronok
D:10:     layout_basic, minmay_circle_x
D:11:     cheibrodos_shockbox, layout_loops_ring, david_orc_4, tgw_trog,
          uniq_harold
Orc:1:    layout_caves, hangedman_minor_magic
Orc:2:    st_orc_mages, layout_caves

Skill      XL: |  1  2  3  4  5  6  7  8  9 10 11 |
---------------+----------------------------------+-----
Dodging        | 1 2 3 4 5 6 7 |  7.1
Axes           | 3 4 5 |  5.4
Armour         | 2 3 |  3.7
Fighting       | 4 5 6 7 |  7.7
Maces & Flails | 1 4 6 7 9 10 | 10.1
Stealth        | 1 2 3 4 5 |  5.2
Evocations     | 3 4 |  4.7
Throwing       | 1 3 5 |  5.4
Shields        | 2 3 |  3.2
Transmutations | 1 |  1.1
Spellcasting   | 1 |  1.4
Earth Magic    | 1 |  1.3
Invocations    | 1 |  1.1

Action                   |  1- 3 |  4- 6 |  7- 9 | 10-12 || total
-------------------------+-------+-------+-------+-------++-------
Melee: Hand axe          |   100 |    27 |       |       ||   127
       Punch             |     3 |     1 |     4 |     5 ||    13
       Kick              |     6 |    24 |    50 |   104 ||   184
       Mace              |       |    60 |   215 |   395 ||   670
Throw: Boomerang         |       |       |     2 |     3 ||     5
       Javelin           |       |       |    19 |    54 ||    73
       Dart              |       |       |       |    54 ||    54
 Cast: Passwall          |       |       |       |     4 ||     4
Invok: Heroism           |       |       |       |     3 ||     3
Evoke: Wand              |       |       |    27 |     6 ||    33
       Lightning rod     |       |       |       |     9 ||     9
  Use: Scroll            |     5 |     3 |     8 |     7 ||    23
       Potion            |     1 |     1 |     2 |     7 ||    11
 Stab: Paralysed         |     1 |       |       |     1 ||     2
       Sleeping          |       |       |     1 |     5 ||     6
       Invisible         |       |       |       |     1 ||     1
Armor: Leather armour    |    54 |    19 |    13 |       ||    86
       Steam dragon scal |       |       |    34 |    74 ||   108
Dodge: Dodged            |    70 |    53 |   168 |   322 ||   613
Block: Other             |       |       |       |    79 ||    79
       Reflection        |       |       |       |     3 ||     3

Table legend: (Time is in decaauts)
 A = Elapsed time spent in this place.
 B = Non-inter-level travel time spent in this place.
 C = Inter-level travel time spent in this place.
 D = Time resting spent in this place.
 E = Time spent auto-exploring this place.
 F = Levels seen in this place.
 G = Mean time per level.
                   A        B        C        D        E       F      G
               +--------+--------+--------+--------+--------+-----+--------+
         Total |  11925 |  11925 |      0 |   1277 |      0 |  14 |  851.8 |
       Dungeon |  10761 |  10761 |      0 |   1226 |      0 |  11 |  978.3 |
  Orcish Mines |    859 |    859 |      0 |     51 |      0 |   2 |  429.5 |
       Ossuary |    304 |    304 |      0 |      0 |      0 |   1 |  304.0 |
               +--------+--------+--------+--------+--------+-----+--------+

Top non-repeatable levels by time:
     D:9: 1469 daAuts
     D:7: 1235 daAuts
     D:5: 1128 daAuts
     D:3: 1071 daAuts
     D:4: 1035 daAuts
     D:2: 973 daAuts
     D:6: 889 daAuts
    D:10: 841 daAuts
     D:8: 783 daAuts
     D:1: 753 daAuts
   Orc:1: 751 daAuts
    D:11: 580 daAuts
 Ossuary: 304 daAuts
   Orc:2: 107 daAuts
